 Dungeon Crawl Stone Soup version 0.30-a0-652-gcc886f7154 (webtiles) character file.

Game seed: 15337035560514615982

27 testman the Chopper (level 2, 0/21 HPs)
             Began as a Demonspawn Wanderer on Jan 17, 2023.
             Succumbed to a goblin's poison
             ... on level 1 of the Dungeon.
             The game lasted 00:01:58 (207 turns).

testman the Chopper (Demonspawn Wanderer)            Turns: 207, Time: 00:01:59

Health: 0/21       AC:  3    Str: 21    XL:     2   Next: 93%
Magic:  4/4        EV: 11    Int: 13    God:
Gold:   31         SH:  0    Dex:  9    Spells: 2/4 levels left

rFire   . . .      SeeInvis .    a - +2 hand axe
rCold   . . .      Faith    .    (no shield)
rNeg    . . .      Spirit   .    d - +0 leather armour
rPois   .          Reflect  .    (no helmet)
rElec   .          Harm     .    (no cloak)
rCorr   .          Rampage  .    (no gloves)
Will    .....                    (no boots)
Stlth   +                        (no amulet)
HPRegen 0.23/turn                e - +6 ring of strength
MPRegen 0.09/turn                (no ring)

@: lethally poisoned (0 -> -17)
A: weakness stinger 1
a: no special abilities


You were on level 1 of the Dungeon.
You visited 1 branch of the dungeon, and saw 1 of its levels.

You collected 31 gold pieces.

Inventory:

Hand Weapons
 a - a +2 hand axe (weapon)
Armour
 d - a +0 leather armour (worn)
Magical Staves
 g - a staff of death
Jewellery
 e - a +6 ring of strength (left hand)
Wands
 b - a wand of polymorph (7) (quivered)
Scrolls
 c - a scroll of blinking
 f - a scroll of magic mapping {unknown}
Potions
 h - a potion of berserk rage {unknown}


   Skills:
 + Level 1.0 Fighting
 + Level 3.0 Axes
 - Level 1.7 Armour
 - Level 1.0 Stealth
 + Level 1.5 Spellcasting
 + Level 0.4 Air Magic
 + Level 1.5 Poison Magic
 - Level 1.2 Invocations
 - Level 1.0 Evocations


You had 2 spell levels left.
You knew the following spells:

 Your Spells              Type           Power      Damage    Failure   Level
a - Poisonous Vapours     Pois/Air       6%         N/A       30%         2

Your spell library contained the following spells:

 Spells                   Type           Power      Damage    Failure   Level
 Cigotuvi's Dreadful Rot  Necr/Pois/Air  4%         N/A       34%         2


Dungeon Overview and Level Annotations

Branches:
Dungeon (1/15)

Altars:


Innate Abilities, Weirdness & Mutations

You have a small tail.


Message History

Found 5 stones.
You now have 31 gold pieces (gained 6).
h - a fuming silvery potion A goblin comes into view.
It is wielding a +1 dagger of venom.
The goblin shouts!
A giant cockroach and a bat come into view.
A hobgoblin comes into view.
The bat moves out of view.
The hobgoblin shouts!
A hobgoblin comes into view.
The hobgoblin shouts!
The goblin hits you with a +1 dagger of venom.
You are poisoned.
You barely miss the goblin. You miss the bat.
You feel very sick. The bat barely misses you.
The goblin hits you with a +1 dagger of venom.
You hit the giant cockroach.
The giant cockroach is almost dead.
You closely miss the goblin.
You feel very sick. The bat closely misses you. The goblin closely misses you.
The giant cockroach bites you.
You are too injured to fight recklessly!
You are too injured to fight recklessly!
You are too injured to fight recklessly!
You closely miss the goblin. You hit the giant cockroach.
You kill the giant cockroach!
You barely miss the hobgoblin. You hit the bat.
* * * LOW HITPOINT WARNING * * *
You feel sick. The bat barely misses you.
The goblin hits you with a +1 dagger of venom.
* * * LOW HITPOINT WARNING * * *
The hobgoblin closely misses you. The hobgoblin completely misses you.
The goblin hits you but does no damage.
You are more poisoned.
You barely miss the bat. You tail-slap the bat.
You kill the bat!
You hit the goblin. You hit the hobgoblin.
You die...

.......#..........(......
.?.....#)................
......##.................
.$.... #..#.#..........$.
#....$##..#.#........
..........#.##.....
#.....#...#........
.....#...#...(...)
###....@..........
#...gg.......
#......g.......
..#............ .
#............
..............
###............
##........###


You could see 2 hobgoblins and a goblin.

Vanquished Creatures
  3 dart slugs (D:1)
  2 ball pythons (D:1)
  3 endoplasms (D:1)
  A giant cockroach (D:1)
  A goblin (D:1)
  2 jackals (D:1)
  A quokka (D:1)
  A bat (D:1)
  2 frilled lizards (D:1)
  3 kobolds (D:1)
  A rat (D:1)
20 creatures vanquished.

Notes
Turn   | Place    | Note
-------+----------+-------------------------------------------
     0 | D:1      | testman the Demonspawn Wanderer began the quest for the
                  | Orb.
     0 | D:1      | testman set off with the following items: a +2 hand axe, a
                  | wand of polymorph (7), a scroll of blinking, a +0 leather
                  | armour; and the following spells available to memorise:
                  | Poisonous Vapours, Cigotuvi's Dreadful Rot.
     0 | D:1      | Reached XP level 1. HP: 13/13 MP: 2/2
    27 | D:1      | Gained mutation: You have a small tail. [demonic ancestry]
    27 | D:1      | Reached XP level 2. HP: 4/20 MP: 3/3
    34 | D:1      | Learned a level 2 spell: Poisonous Vapours
   149 | D:1      | Reached skill level 1 in Fighting
   152 | D:1      | Reached skill level 3 in Axes
   207 | D:1      | Succumbed to a goblin's poison

Illustrated notes

Levels and vault maps discovered:
D:1:      sevenhm_arrival_forest_fort_small_6, layout_rooms

Skill      XL: |  1  2 |
---------------+-------+-----
Fighting       | 1 |  1.0
Axes           | 3 |  3.0
Armour         | |  1.7
Stealth        | |  1.0
Spellcasting   | |  1.5
Air Magic      | |  0.4
Poison Magic   | |  1.5
Invocations    | |  1.2
Evocations     | |  1.0

Action                   || total
-------------------------++-------
Melee: Hand axe          ||    33
       Tailslap          ||     2
Armor: Leather armour    ||    13
Dodge: Dodged            ||    25

Table legend: (Time is in decaauts)
 A = Elapsed time spent in this place.
 B = Non-inter-level travel time spent in this place.
 C = Inter-level travel time spent in this place.
 D = Time resting spent in this place.
 E = Time spent auto-exploring this place.
 F = Levels seen in this place.
 G = Mean time per level.
                   A        B        C        D        E       F      G
               +--------+--------+--------+--------+--------+-----+--------+
         Total |    212 |    206 |      6 |     66 |     62 |   1 |  212.0 |
       Dungeon |    212 |    206 |      6 |     66 |     62 |   1 |  212.0 |
               +--------+--------+--------+--------+--------+-----+--------+

Top non-repeatable levels by time:
     D:1: 212 daAuts
